 Dungeon Crawl Stone Soup version 0.21-a0-578-gc6e9d75 (webtiles) character file.

23347 Firecrotchwizard the Basher (level 13, -1/84 HPs)
             Began as a Gargoyle Gladiator on Dec 19, 2017.
             Was an Elder of Makhleb.
             Engulfed by an ice statue's freezing vapour (5 damage)
             ... in an ice cave.
             The game lasted 00:29:55 (14814 turns).

Firecrotchwizard the Basher (Gargoyle Gladiator)   Turns: 14814, Time: 00:29:55

Health: -1/84      AC: 30    Str: 18    XL:     13   Next: 6%
Magic:  13/13      EV:  7    Int: 11    God:    Makhleb [****..]
Gold:   777        SH: 11    Dex: 14    Spells: 12/12 levels left

rFire    x . .     SeeInvis .   r - +1 whip (elec)
rCold    + . .     Gourm    .   J - +0 shield
rNeg     + . .     Faith    .   O - +1 plate armour {rPois}
rPois    ∞         Spirit   .   c - +1 helmet
rElec    +         Reflect  .   (no cloak)
rCorr    .         Harm     .   m - +0 pair of gloves
MR       .....                  e - +0 pair of boots
Stlth    ..........             (no amulet)
HPRegen  0.24/turn              z - ring of ice {rC+, rF-}
MPRegen  0.13/turn              (no ring)

@: no status effects
A: negative energy resistance 1, electricity resistance, unbreathing,
petrification resistance, rot immunity, AC +9
a: Minor Destruction, Lesser Servant of Makhleb, Major Destruction, Renounce
Religion


You were in an ice cave.
You worshipped Makhleb.
Makhleb was greatly pleased with you.
You were hungry.

You visited 3 branches of the dungeon, and saw 15 of its levels.
You also visited: Ice Cave.

You collected 777 gold pieces.

Inventory:

Hand Weapons
 b - a cursed +0 falchion
   (You found it on level 1 of the Lair of Beasts)
 q - a +0 morningstar of protection
   (You took it off an orc on level 3 of the Dungeon)
 r - a +1 whip of electrocution (weapon)
   (You took it off an orc on level 3 of the Dungeon)
 K - a +2 flail of venom
   (You took it off an orc priest on level 8 of the Dungeon)
Missiles
 d - 4 throwing nets {=f, !d}
 G - a tomahawk (quivered)
Armour
 c - a +1 helmet (worn)
 e - a +0 pair of boots (worn)
   (You found it on level 10 of the Dungeon)
 m - a +0 pair of gloves (worn)
   (You found it on level 5 of the Dungeon)
 J - a +0 shield (worn)
   (You found it on level 7 of the Dungeon)
 O - a +1 plate armour of poison resistance (worn)
   (You took it off an orc warrior on level 8 of the Dungeon)
Jewellery
 z - a ring of ice (left hand) {rC+, rF-}
   (You found it on level 2 of the Lair of Beasts)
 H - an uncursed ring of magical power {unknown}
   (You found it in an ice cave)
Wands
 n - a wand of flame (29)
   (You found it on level 3 of the Dungeon)
 w - a wand of acid (9)
   (You found it on level 1 of the Lair of Beasts)
 x - a wand of polymorph (13)
   (You found it on level 4 of the Dungeon)
 F - a wand of random effects (76)
   (You found it on level 7 of the Dungeon)
Scrolls
 i - 4 scrolls of identify
 s - 3 scrolls of fear
 u - 4 scrolls of teleportation
 A - 8 scrolls of remove curse
 C - a scroll of blinking {!r}
Potions
 a - 3 potions of agility
 g - 6 potions of lignification {!q}
 h - a potion of invisibility
 j - 3 potions of might
 k - a potion of cancellation
 l - a potion of resistance {unknown}
 o - 2 potions of curing
 p - 2 potions of ambrosia
 t - 4 potions of degeneration {@e1!q}
 v - 2 potions of flight
 B - 2 potions of mutation {!q}
 D - a potion of heal wounds
Miscellaneous
 y - 2 boxes of beasts
Comestibles
 f - 19 rations {@e1}
 E - 9 chunks of flesh {@w0}


   Skills:
 + Level 10.8 Fighting
 * Level 13.6 Maces & Flails
 - Level 1.7 Throwing
 + Level 10.5 Armour
 - Level 5.5 Dodging
 + Level 8.3 Shields


You had 12 spell levels left.
You didn't know any spells.

Dungeon Overview and Level Annotations

Branches:
Dungeon (11/15)            Temple (1/1) D:7            Lair (3/6) D:8
 Spider (0/4) Lair:3          Orc (0/2) D:10
  Swamp: Lair:2-4    Shoals: Lair:2-4

Altars:
Ashenzari
Cheibriados
Dithmenos
Elyvilon
Fedhas
Gozag
Hepliaklqana
Kikubaaqudgha
Makhleb
Nemelex Xobeh
Okawaru
Qazlal
Ru
Sif Muna
Trog
Uskayaw
Vehumet
Wu Jian
Xom
Yredelemnul
Zin
The Shining One

Shops:
D:8 (

Annotations:
D:2 1 runed door
D:4 slep's ghost, amateur DrGl
D:10 5 runed doors IceCv exclusion: ice statue


Innate Abilities, Weirdness & Mutations

You are resistant to torment.
Your stone body is resilient. (AC +9)
You are immune to poison.
You resist negative energy. (rN+)
You are resistant to electric shocks. (rElec)
You can survive without breathing.
You are immune to petrification.
You are immune to rotting.


Message History

You closely miss the ice beast. You block the ice beast's attack.
You hit the ice beast.
Lightning courses through the ice beast!
You kill the ice beast!
The ice beast completely misses you. You block the ice beast's attack.
Really walk into that cloud of freezing vapour?
Okay, then.
You hit the ice beast.
Lightning courses through the ice beast!
You block the ice beast's attack. The ice beast barely misses you.
You hit the ice beast. The ice statue gestures at you.
The bolt of cold hits you!
You closely miss the ice beast. You block the ice beast's attack. x2
The ice statue gestures at you. The shard of ice misses you.
You closely miss the ice beast. You barely miss the ice beast.
The ice beast barely misses you. You block the ice beast's attack.
The ice statue gestures.
You hit the ice beast.
You kill the ice beast!
The ice statue gestures at you. You block the shard of ice.
The ice beast hits you but does no damage.
You block the ice beast's attack.
You hit the ice statue but do no damage.
The ice beast hits you but does no damage. x2
You hit the ice statue. You block the ice beast's attack.
You hit the ice statue but do no damage.
The ice beast hits you but does no damage.
You hit the ice statue but do no damage.
You block the ice beast's attack.
Some of the chunks of flesh in your inventory have rotted away.
You hit the ice statue but do no damage.
The ice beast hits you but does no damage.
You hit the ice statue but do no damage.
You block the ice beast's attack.
The ice statue gestures.
You hit the ice statue but do no damage.
You block the ice beast's attack.
You hit the ice statue.
The ice beast hits you but does no damage.
The ice statue gestures at you. The freezing blast engulfs you! You resist.
The ice beast barely misses you. You block the ice beast's attack.
You take 7 damage, and have 59/84 hp.
You hit the ice statue but do no damage.
You are engulfed in freezing vapours.
You resist. The ice beast barely misses you.
You take 3 damage, and have 56/84 hp.
You hit the ice statue but do no damage.
You are engulfed in freezing vapours.
You resist. The ice beast barely misses you.
The ice beast hits you but does no damage.
You take 3 damage, and have 53/84 hp.
You hit the ice statue but do no damage.
You are engulfed in freezing vapours.
You resist.
The ice beast hits you but does no damage.
You take 3 damage, and have 50/84 hp.
You hit the ice statue but do no damage.
You are engulfed in freezing vapours.
You resist. You block the ice beast's attack. The ice beast barely misses you.
You hit the ice statue but do no damage.
You are engulfed in freezing vapours.
You resist.
The ice beast hits you but does no damage.
You take 2 damage, and have 48/84 hp.
You hit the ice statue but do no damage.
You are engulfed in freezing vapours.
You resist. You block the ice beast's attack. x2
You take 4 damage, and have 44/84 hp.
You hit the ice statue but do no damage.
You are engulfed in freezing vapours.
You resist.
The ice beast hits you but does no damage.
The ice statue gestures at you. The bolt of cold hits you! You resist.
You take 12 damage, and have 32/84 hp.
You hit the ice statue.
You are engulfed in freezing vapours.
You resist. You block the ice beast's attack.
The ice beast hits you but does no damage.
You take 1 damage, and have 31/84 hp.
You hit the ice statue.
You are engulfed in freezing vapours.
You resist.
* * * LOW HITPOINT WARNING * * *
The ice beast barely misses you. The ice beast hits you.
* * * LOW HITPOINT WARNING * * *
The ice beast freezes you. You resist.
* * * LOW HITPOINT WARNING * * *
You take 16 damage, and have 15/84 hp.
You hit the ice statue but do no damage.
The ice beast hits you but does no damage.
You hit the ice statue but do no damage.
You block the ice beast's attack. The ice statue gestures at you.
The freezing blast engulfs you! You resist.
* * * LOW HITPOINT WARNING * * *
The ice beast completely misses you.
The ice beast hits you but does no damage.
You take 11 damage, and have 4/84 hp.
You hit the ice statue.
You are engulfed in freezing vapours.
You resist.
You die...

#..#
##§#
##§#
#.## #
#.## .#
#..## .#
##..##
..#
#§Y§#..#
##§@Y§.#
#Y8§§##
##.§##
#..#
##.# ##


You could see an ice statue and 3 ice beasts.

Vanquished Creatures
  Gastronok (Lair:1)
  Harold (Lair:1)
  A hydra (Lair:2)
  2 two-headed ogres
  2 death yaks (Lair:2)
  Erica (Lair:1)
  A cyclops (D:7)
  7 spiny frogs
  A komodo dragon (Lair:1)
  10 polar bears (IceCv)
  A troll (D:8)
  Prince Ribbit (D:7)
  3 blink frogs (Lair:1)
  3 hippogriffs
  22 yaks
  A basilisk (Lair:1)
  2 steam dragons
  5 water moccasins
  8 porcupines
  A hornet zombie (D:9)
  7 orc warriors
  An ice beast (D:8)
  A phantom (D:7)
  2 black bears
  A necrophage (D:10)
  12 wolves (IceCv)
  5 ogres
  4 centaurs
  5 crocodiles
  6 bullfrogs
  Blork the orc (D:5)
  A gnoll sergeant (D:7)
  A scorpion (D:7)
  6 killer bees (D:6)
  4 wights (D:8)
  8 howler monkeys
  3 crimson imps
  A bullfrog zombie (D:9)
  A quasit (D:6)
  A hound (D:6)
  14 orc priests
  A centaur skeleton (D:6)
  10 orc wizards
  2 bullfrog skeletons
  6 iguanas
  2 worker ants (D:7)
  2 hound skeletons
  12 gnolls
  A worker ant zombie (D:8)
  11 adders
  2 shadow imps (D:5)
  12 white imps (Lair:3)
  An ooze (D:1)
  2 adder skeletons
  A dart slug (D:1)
  3 worms
  6 leopard geckos
  32 orcs
  5 bats
  4 giant cockroaches
  4 hobgoblins
  10 jackals
  6 quokkas
  4 frilled lizards
  7 goblins
  A kobold (D:2)
  A leopard gecko skeleton (D:7)
  9 rats
316 creatures vanquished.

Vanquished Creatures (others)
  A wolf (IceCv)
  An orc (D:8)
  7 fungi
  A plant (Lair:1)
10 creatures vanquished.

Grand Total: 326 creatures vanquished

Notes
Turn   | Place    | Note
-------+----------+-------------------------------------------
     0 | D:1      | Firecrotchwizard the Gargoyle Gladiator began the quest for the Orb.
     0 | D:1      | Reached XP level 1. HP: 12/12 MP: 1/1
   253 | D:1      | Reached XP level 2. HP: 18/18 MP: 2/2
   831 | D:1      | Reached skill level 1 in Armour
   990 | D:2      | Reached XP level 3. HP: 22/22 MP: 3/3
  1424 | D:2      | Reached XP level 4. HP: 24/27 MP: 4/4
  1542 | D:2      | Found a runed door.
  2134 | D:3      | Reached skill level 3 in Fighting
  2134 | D:3      | Reached skill level 4 in Maces & Flails
  2369 | D:3      | Reached skill level 2 in Armour
  2369 | D:3      | Reached XP level 5. HP: 32/32 MP: 5/5
  2374 | D:3      | Reached skill level 3 in Dodging
  3421 | D:4      | Reached XP level 6. HP: 21/37 MP: 6/6
  3791 | D:4      | Noticed slep's ghost (amateur DrGl)
  3877 | D:5      | Entered Level 5 of the Dungeon
  3892 | D:5      | Reached skill level 5 in Maces & Flails
  3892 | D:5      | Reached skill level 3 in Armour
  4065 | D:5      | Reached XP level 7. HP: 42/42 MP: 7/7
  4112 | D:5      | Reached skill level 4 in Fighting
  4741 | D:5      | Noticed Blork the orc
  4760 | D:5      | Killed Blork the orc
  4889 | D:5      | Reached skill level 6 in Maces & Flails
  5268 | D:5      | Reached skill level 4 in Armour
  5349 | D:6      | Reached skill level 4 in Dodging
  5349 | D:6      | Reached XP level 8. HP: 44/48 MP: 8/8
  5416 | D:6      | Reached skill level 5 in Fighting
  5614 | D:6      | Reached skill level 7 in Maces & Flails
  5911 | D:6      | Found a sacrificial altar of Ru.
  5911 | D:6      | Found a radiant altar of Vehumet.
  5945 | D:6      | Reached skill level 5 in Armour
  6000 | D:6      | Found a shadowy altar of Dithmenos.
  6305 | D:6      | Reached XP level 9. HP: 46/55 MP: 9/9
  6376 | D:6      | Reached skill level 6 in Fighting
  6592 | D:7      | Noticed Prince Ribbit
  6683 | D:7      | Reached skill level 8 in Maces & Flails
  6736 | D:7      | Killed Prince Ribbit
  6736 | D:7      | Reached skill level 5 in Dodging
  6887 | D:7      | Found a staircase to the Ecumenical Temple.
  6909 | Temple   | Entered the Ecumenical Temple
  7167 | Temple   | Became a worshipper of Makhleb the Destroyer
  7198 | D:7      | Reached skill level 6 in Armour
  7198 | D:7      | HP: 3/56 [orc warrior/glaive (15)]
  7554 | D:7      | Noticed a cyclops
  7574 | D:7      | Killed a cyclops
  7574 | D:7      | Reached skill level 9 in Maces & Flails
  7867 | D:7      | Found a hide-covered altar of Uskayaw.
  8114 | D:8      | Reached skill level 7 in Fighting
  8117 | D:8      | Reached XP level 10. HP: 60/63 MP: 10/10
  8119 | D:8      | Reached skill level 1 in Shields
  8136 | D:8      | HP: 12/63 [troll (6)]
  8150 | D:8      | HP: 14/63 [bullfrog skeleton (1)]
  8406 | D:8      | Reached skill level 2 in Shields
  8411 | D:8      | Reached * piety under Makhleb
  8504 | D:8      | Reached skill level 7 in Armour
  8589 | D:8      | Found a glowing silver altar of Zin.
  8601 | D:8      | Found a glowing golden altar of the Shining One.
  8637 | D:8      | Found Ysoon's Weapon Boutique.
  8688 | D:8      | Found a white marble altar of Elyvilon.
  8836 | D:8      | Noticed a two-headed ogre
  8854 | D:8      | HP: 8/63 [two-headed ogre/giant club (12)]
  8855 | D:8      | Killed a two-headed ogre
  8855 | D:8      | Reached skill level 10 in Maces & Flails
  8855 | D:8      | Reached skill level 3 in Shields
  9198 | D:8      | Found an iron altar of Okawaru.
  9705 | D:8      | Found a staircase to the Lair.
 10127 | D:9      | Reached skill level 8 in Fighting
 10181 | D:9      | Reached skill level 4 in Shields
 10183 | D:9      | Reached ** piety under Makhleb
 10959 | D:10     | Entered Level 10 of the Dungeon
 10991 | D:10     | Reached skill level 8 in Armour
 10991 | D:10     | Reached XP level 11. HP: 68/68 MP: 11/11
 11132 | D:10     | Reached skill level 11 in Maces & Flails
 11192 | D:10     | Noticed a two-headed ogre
 11204 | D:10     | Killed a two-headed ogre
 11204 | D:10     | Reached skill level 5 in Shields
 11226 | D:10     | Found a staircase to the Orcish Mines.
 11418 | D:10     | Found the +9 staff of Olgreb {rPois}
 11418 | D:10     | Found a runed gate.
 11419 | D:10     | Found a runed door.
 11425 | D:10     | Found a runed door.
 11633 | D:10     | Found a runed gate.
 11633 | D:10     | Found a runed gate.
 11911 | Lair:1   | Entered Level 1 of the Lair of Beasts
 11911 | Lair:1   | Noticed Erica
 11958 | Lair:1   | Killed Erica
 12085 | Lair:1   | Noticed Gastronok
 12118 | Lair:1   | Killed Gastronok
 12118 | Lair:1   | Reached skill level 9 in Fighting
 12356 | Lair:1   | Reached skill level 9 in Armour
 12356 | Lair:1   | Reached skill level 6 in Shields
 12437 | Lair:1   | Reached skill level 12 in Maces & Flails
 12526 | Lair:1   | Noticed Harold
 12560 | Lair:1   | Killed Harold
 12560 | Lair:1   | Reached XP level 12. HP: 60/76 MP: 12/12
 12599 | Lair:1   | Reached *** piety under Makhleb
 12943 | Lair:1   | Found an opulent altar of Gozag.
 13265 | Lair:2   | Reached skill level 7 in Shields
 13343 | Lair:2   | Reached skill level 10 in Fighting
 13435 | Lair:2   | Noticed a five-headed hydra
 13451 | Lair:2   | Killed a five-headed hydra
 13522 | Lair:2   | Noticed a death yak
 13575 | Lair:2   | Killed a death yak
 13745 | Lair:2   | Noticed a death yak
 13776 | Lair:2   | Killed a death yak
 13776 | Lair:2   | Reached skill level 10 in Armour
 13914 | Lair:2   | Noticed a death yak
 13914 | Lair:2   | Noticed a death yak
 13914 | Lair:2   | Noticed a death yak
 14020 | Lair:3   | Found a frozen archway.
 14030 | Lair:3   | Reached skill level 13 in Maces & Flails
 14077 | IceCv    | Entered an ice cave
 14097 | IceCv    | Reached **** piety under Makhleb
 14416 | IceCv    | Reached skill level 8 in Shields
 14527 | IceCv    | Reached XP level 13. HP: 83/83 MP: 13/13
 14811 | IceCv    | HP: 21/84 [ice beast[an ice statue] (3)]
 14813 | IceCv    | HP: 4/84 [ice statue/freezing blast (11)]
 14814 | IceCv    | Engulfed by an ice statue's freezing vapour

Vault maps used:
D:1:      roderic_dead_forest, serial_bayou, serial_bayou_pond_e,
          serial_bayou_shore_b, serial_bayou_lagoon_a, serial_bayou_crossing,
          serial_bayou_pond_a, serial_bayou_shore_b
D:2:      uniq_crazy_yiuf_cottage
D:3:      gup_sewer_entry_glass
D:4:      first_ration
D:5:      uniq_blork_the_orc
D:6:      grunt_temple_overflow_open, grunt_dithmenos_smoke_and_mirrors
D:7:      eat_drink_and_be_merry_uskayaw, minmay_temple_entry_trees,
          uniq_prince_ribbit1
D:8:      good_gods_mini_temple, kennysheep_mini,
          grunt_lair_entry_orc_guard_hut, serial_shops, shop
D:10:     orc_0_dummy, minmay_guarded_unrand_staff_of_olgreb
D:11:     basic_altar, serial_undead, serial_undead_e, serial_undead_b,
          serial_undead_f, serial_undead_b, serial_undead_c, serial_undead_d,
          hangedman_stone_soup, minmay_misc_feat_enclosed
Temple:   eino_narrow_crystal_temple
Lair:1:   basic_altar, beast_lair_carwin_5, uniq_erica, uniq_gastronok,
          uniq_harold
Lair:2:   minmay_shoals_entry_hut
Lair:3:   dummy_spider_entry, portal_ice_cave_entry_imps
IceCv:    ice_cave_caverns_01

Skill      XL: |  1  2  3  4  5  6  7  8  9 10 11 12 |
---------------+-------------------------------------+-----
Armour         | 1 2 3 4 5 6 8 9 10 | 10.5
Fighting       | 3 4 5 7 8 9 10 | 10.8
Maces & Flails | 4 5 6 7 9 10 12 13 | 13.6
Dodging        | 3 4 5 |  5.5
Shields        | 4 6 8 |  8.3
Throwing       | |  1.7

Action                   |  1- 3 |  4- 6 |  7- 9 | 10-12 | 13-15 || total
-------------------------+-------+-------+-------+-------+-------++-------
Melee: Flail             |   110 |     9 |       |       |       ||   119
       Morningstar       |       |    18 |       |       |       ||    18
       Whip              |       |    78 |   405 |  1019 |    89 ||  1591
Throw: Tomahawk          |       |    22 |    84 |   210 |     2 ||   318
Invok: Minor Destruction |       |       |       |     2 |       ||     2
Evoke: Wand              |       |       |       |     4 |       ||     4
  Use: Scroll            |     4 |     4 |     2 |    16 |       ||    26
 Stab: Sleeping          |       |     1 |       |       |       ||     1
  Eat: Chunk             |     2 |     8 |    13 |    15 |       ||    38
       Ration            |       |       |       |     2 |       ||     2
Armor: Leather armour    |    67 |    37 |    59 |       |       ||   163
       Plate armour      |       |       |   120 |   486 |    54 ||   660
Dodge: Dodged            |   115 |    62 |   152 |   149 |    14 ||   492
Block: Shield            |       |       |     4 |   316 |    48 ||   368

Table legend:
 A = Spawn XP
 B = Non-spawn XP
 C = Spawn XP percentage of total XP
 D = Spawn monster count
 E = Non-spawn monster count
 F = Spawn count percentage of total count
 G = Total turns spent on level
                    A         B        C        D         E        F      G
               +---------+---------+-------+---------+---------+-------+---------
         Total |       0 |   33353 |   0.0 |       0 |     317 |   0.0 | 14814
               +---------+---------+-------+---------+---------+-------+---------
           D:1 |       0 |      32 |   0.0 |       0 |      16 |   0.0 |   975
           D:2 |       0 |      62 |   0.0 |       0 |      15 |   0.0 |   987
           D:3 |       0 |     151 |   0.0 |       0 |      25 |   0.0 |  1360
           D:4 |       0 |     173 |   0.0 |       0 |       8 |   0.0 |   555
           D:5 |       0 |     864 |   0.0 |       0 |      24 |   0.0 |  1658
           D:6 |       0 |    1376 |   0.0 |       0 |      37 |   0.0 |  1110
           D:7 |       0 |    1804 |   0.0 |       0 |      26 |   0.0 |  1428
           D:8 |       0 |    3338 |   0.0 |       0 |      36 |   0.0 |  1643
           D:9 |       0 |    1386 |   0.0 |       0 |      26 |   0.0 |  1021
          D:10 |       0 |    2624 |   0.0 |       0 |      16 |   0.0 |   904
        Lair:1 |       0 |    9797 |   0.0 |       0 |      27 |   0.0 |  1268
        Lair:2 |       0 |    4692 |   0.0 |       0 |      13 |   0.0 |   754
        Lair:3 |       0 |     480 |   0.0 |       0 |      14 |   0.0 |   144
         IceCv |       0 |    6574 |   0.0 |       0 |      34 |   0.0 |   737
               +---------+---------+-------+---------+---------+-------+---------

Vault maps used:
D:1:      roderic_dead_forest, serial_bayou, serial_bayou_pond_e,
          serial_bayou_shore_b, serial_bayou_lagoon_a, serial_bayou_crossing,
          serial_bayou_pond_a, serial_bayou_shore_b
D:2:      uniq_crazy_yiuf_cottage
D:3:      gup_sewer_entry_glass
D:4:      first_ration
D:5:      uniq_blork_the_orc
D:6:      grunt_temple_overflow_open, grunt_dithmenos_smoke_and_mirrors
D:7:      eat_drink_and_be_merry_uskayaw, minmay_temple_entry_trees,
          uniq_prince_ribbit1
D:8:      good_gods_mini_temple, kennysheep_mini,
          grunt_lair_entry_orc_guard_hut, serial_shops, shop
D:10:     orc_0_dummy, minmay_guarded_unrand_staff_of_olgreb
D:11:     basic_altar, serial_undead, serial_undead_e, serial_undead_b,
          serial_undead_f, serial_undead_b, serial_undead_c, serial_undead_d,
          hangedman_stone_soup, minmay_misc_feat_enclosed
Temple:   eino_narrow_crystal_temple
Lair:1:   basic_altar, beast_lair_carwin_5, uniq_erica, uniq_gastronok,
          uniq_harold
Lair:2:   minmay_shoals_entry_hut
Lair:3:   dummy_spider_entry, portal_ice_cave_entry_imps
IceCv:    ice_cave_caverns_01

Table legend:
 A = Turns spent in this place as a percentage of turns spent in the entire game.
 B = Non-inter-level travel turns spent in this place as a percentage of non-inter-level travel turns spent in the entire game.
 C = Inter-level travel turns spent in this place as a percentage of turns spent in this place.
 D = Turns resting spent in this place as a percentage of non-inter-level travel turns spent in this place.
 E = Turns spent auto-exploring this place as a percentage of non-inter-level travel turns spent in this place.
 F = Non-inter-level travel turns spent in this place divided by the number of levels of this place that you've seen.
                   A       B       C       D       E      F
               +-------+-------+-------+-------+-------+----------------------
         Total | 100.0 | 100.0 |   3.6 |  24.9 |  53.7 | 893.0
       Dungeon |  78.6 |  78.5 |   3.6 |  27.6 |  54.3 | 1020.0
        Temple |   1.8 |   1.6 |  15.7 |   0.0 |  99.1 | 225.0
          Lair |  14.6 |  14.7 |   2.8 |  12.3 |  55.0 | 702.0
      Ice Cave |   5.0 |   5.2 |   0.0 |  27.4 |  27.8 | 737.0
               +-------+-------+-------+-------+-------+----------------------

Table legend:
 A = Kills in this place as a percentage of kills in entire the game.
 B = Kills by you in this place as a percentage of kills by you in the entire game.
 C = Kills by friends in this place as a percentage of kills by friends in the entire game.
 D = Other kills in this place as a percentage of other kills in the entire game.
 E = Experience gained in this place as a percentage of experience gained in the entire game.
 F = Experience gained in this place divided by the number of levels of this place that you have seen.
                   A       B       C       D       E      F
               +-------+-------+-------+-------+-------+----------------------
         Total | 100.0 | 100.0 |   N/A | 100.0 | 100.0 | 2084.6
       Dungeon |  72.2 |  72.5 |   N/A |   0.0 |  35.4 | 1073.6
          Lair |  17.0 |  17.1 |   N/A |   0.0 |  44.9 | 4989.7
      Ice Cave |  10.7 |  10.4 |   N/A | 100.0 |  19.7 | 6574.0
               +-------+-------+-------+-------+-------+----------------------
